 Dungeon Sprint DCSS version 0.25.1-2-g60ff931df9 (webtiles) character file.

Game seed: 6533610928111328780

9 sahdkjhfkaj the Ruffian (level 2, -2/29 HPs)
             Began as a Troll Monk on Sept 27, 2020.
             Was a Believer of Ashenzari.
             Slain by a large abomination (30 damage)
             ... in the Dungeon (Sprint V: "Ziggurat Sprint").
             The game lasted 00:00:51 (107 turns).

sahdkjhfkaj the Ruffian (Troll Monk)                 Turns: 107, Time: 00:00:51

Health: -2/29      AC: 21    Str: 30    XL:     2   Next: 6%
Magic:  1/1        EV: -3    Int:  6    God:    Ashenzari [**....]
Gold:   0          SH: 27    Dex: 12    Spells: 1/1 levels left

rFire    + . .     SeeInvis .     - Unarmed
rCold    + . .     Gourm    +   F - +18 shield of the Gong {rElec rN+ MR+ EV-5} (curse)
rNeg     + . .     Faith    .   G - +5 gold dragon scales (curse)
rPois    +         Spirit   .   (helmet restricted)
rElec    +         Reflect  .   (no cloak)
rCorr    .         Harm     .   (gloves unavailable)
MR       +....     NoTele   +   (boots unavailable)
Stlth    ..........             (no amulet)
HPRegen  0.49/turn              C - +6 ring of strength (curse)
MPRegen  0.07/turn              D - +6 ring of strength (curse)

@: no status effects
A: large, unfitting armour, claws 3, fast metabolism 3, gourmand, regeneration
1, shaggy fur 1, tough skin 3
a: Curse Item, Scrying, Renounce Religion


You were in the Dungeon.
You worshipped Ashenzari.
Ashenzari was pleased with you.
You were not hungry.

You visited 1 branch

Inventory:

Armour
 F - the cursed +18 shield of the Gong (worn) {rElec rN+ MR+ EV-5}
   (You found it in the Dungeon)

   It affects your evasion (-5).
   It insulates you from electricity.
   It protects you from negative energy.
   It affects your resistance to hostile enchantments.
   It has a curse placed upon it.
 G - cursed +5 gold dragon scales (worn)
Jewellery
 x - an uncursed ring of flight
 y - a +6 ring of dexterity
 z - a +6 ring of dexterity
 A - a +6 ring of intelligence
 B - a +6 ring of intelligence
 C - a cursed +6 ring of strength (left claw)
 D - a cursed +6 ring of strength (right claw)
Wands
 u - a wand of disintegration (7)
 v - a wand of iceblast (7)
 w - a wand of acid (7)
Scrolls
 h - 4 scrolls of blinking
 i - 4 scrolls of amnesia
 j - 7 scrolls of fog
 k - a scroll of holy word
 l - 5 scrolls of identify
 m - a scroll of remove curse
 n - 2 scrolls of fear
Potions
 c - 10 potions of curing
 d - 10 potions of heal wounds
 e - 6 potions of haste
 f - 7 potions of magic
 g - 3 potions of berserk rage
 o - 2 potions of brilliance
 p - 2 potions of invisibility
 q - 4 potions of resistance
 r - a potion of experience
 s - 5 potions of stabbing
 t - 5 potions of might
Miscellaneous
 E - a lightning rod (4/4)
Comestibles
 b - 8 rations


   Skills:
 + Level 2.7 Fighting
 + Level 1.0 Armour
 + Level 2.7 Dodging
 - Level 1.0 Stealth
 * Level 1.5(2.5) Shields
 * Level 3.7 Unarmed Combat


You had one spell level left.
You didn't know any spells.
Your spell library was empty.

Dungeon Overview and Level Annotations

Branches:
Dungeon (1/1)

Altars:
Ashenzari
Cheibriados
Dithmenos
Elyvilon
Fedhas
Gozag
Hepliaklqana
Kikubaaqudgha
Makhleb
Nemelex Xobeh
Okawaru
Qazlal
Ru
Sif Muna
Trog
Uskayaw
Vehumet
Wu Jian
Xom
Yredelemnul
Zin
The Shining One
Beogh
Jiyva
Lugonu

Annotations:
D 1 transporter


Innate Abilities, Weirdness & Mutations

You are too large for most types of armour.
You have claws for hands.
Your metabolism is lightning-fast.
You like to eat raw meat.
Your natural rate of healing is unusually fast.
You are covered in fur. (AC +1)
You have extremely tough skin. (AC +3)


Message History

The large abomination is heavily damaged.
The ufetubus hits you but does no damage.
You block the ufetubus's attack.
GONNNNG!
The white imp hits you but does no damage.
The large abomination hits you but does no damage.
You block the ufetubus's attack.
PANG!
The ufetubus hits you but does no damage.
You scratch the large abomination.
The large abomination is heavily damaged.
You block the ufetubus's attack.
BONNNG!
You block the ufetubus's attack.
BONNNG!
You block the white imp's attack.
BOUMMMMG!
The large abomination hits you!!
Ouch! That really hurt!
You die...

* *
▓▓▓▓▓▓▓▓▓▓▓▓▓
▓.8©8.▓.8©8.▓
,▓.[}|.▓.....▓
,
▓.....▓.).[.▓
*
,▓.5X5.▓.....▓
,,
,▓..@..▓.....▓
,
▓.....▓..©..▓
▓..©..▓▓▓▓▓▓▓
* *▓▓▓▓▓▓▓ **
, 8 * , ,,
,,{{,, * ,, ,
* , , ,,, , ,


You could see a large abomination, a white imp and an ufetubus.

Vanquished Creatures
  2 oozes (D)
2 creatures vanquished.

Notes
Turn   | Place    | Note
-------+----------+-------------------------------------------
     0 | D        | sahdkjhfkaj the Troll Monk began the quest for the Orb.
     0 | D        | Reached XP level 1. HP: 22/22 MP: 0/0
     6 | D        | Became a worshipper of Ashenzari the Shackled
     6 | D        | Reached * piety under Ashenzari
     6 | D        | Reached ** piety under Ashenzari
    12 | D        | Found a blossoming altar of Fedhas.
    13 | D        | Found the +6 Majin-Bo {vamp, Archmagi MP+6 Int+6}
    13 | D        | Found the +7 great mace "Firestarter" {inner flame, rF++}
    13 | D        | Found a sacrificial altar of Ru.
    13 | D        | Found a shimmering blue altar of Sif Muna.
    13 | D        | Found a stormy altar of Qazlal.
    13 | D        | Found a bloodstained altar of Trog.
    13 | D        | Found an iron altar of Okawaru.
    13 | D        | Found a sparkling altar of Nemelex Xobeh.
    13 | D        | Found a transporter.
    13 | D        | Found an ancient bone altar of Kikubaaqudgha.
    13 | D        | Found a viscous altar of Jiyva.
    13 | D        | Found a corrupted altar of Lugonu.
    13 | D        | Found a hazy altar of Hepliaklqana.
    13 | D        | Found a burning altar of Makhleb.
    13 | D        | Found an opulent altar of Gozag.
    35 | D        | Found the +9 heavy crossbow "Sniper" {vorpal, Acc+∞ SInv}
    35 | D        | Found the +10 dark maul {vorpal}
    35 | D        | Found the +15 Maxwell's patent armour {-Cast -Tele rElec
                  | MR+ rCorr}
    35 | D        | Found the +18 shield of the Gong {rElec rN+ MR+ EV-5}
    35 | D        | Found the cursed +14 obsidian axe {vorpal, +Fly SInv
                  | *Curse}
    42 | D        | Found the +6 shillelagh "Devastator" {shatter}
    42 | D        | Found the +11 plutonium sword {*Contam Stlth-}
    42 | D        | Found the +8 lance "Wyrmbane" {slay drac, rPois rF+ rC+
                  | AC+3}
    42 | D        | Found the +9 sword of Zonguldrok {reap}
    42 | D        | Found the cursed +13 scythe of Curses {drain, *Curse}
    42 | D        | Found the +0 sword of Power
    42 | D        | Found the +7 mace of Variability {chain chaos}
    42 | D        | Found the +7 Singing Sword {vorpal, sonic wave}
    42 | D        | Found the +8 storm bow {elec, penet}
    89 | D        | Entered arena 2.
    89 | D        | Found a transporter.
    93 | D        | Reached skill level 1 in Shields
    94 | D        | Reached skill level 1 in Armour
    94 | D        | Reached XP level 2. HP: 29/29 MP: 1/1
    99 | D        | Entered arena 3.
    99 | D        | Noticed a large abomination
    99 | D        | Found a transporter.
   107 | D        | Slain by a large abomination

Illustrated notes

Levels and vault maps discovered:
D:        sprint_v [room_start, room_1, room_2, room_3, room_4, room_5, room_6,
          room_7, room_8, room_9, room_10, room_11, room_12, room_13, room_14,
          room_15, room_16, room_17, room_18, room_19, room_20, room_21,
          room_22, room_23, room_24, room_25, room_26, room_27]

Skill      XL: |  1 |
---------------+----+-----
Shields        | 1 |  1.5
Armour         | 1 |  1.0
Fighting       | |  2.7
Dodging        | |  2.7
Stealth        | |  1.0
Unarmed Combat | |  3.7

Action                   || total
-------------------------++-------
Melee: Unarmed           ||    10
Invok: Curse Item        ||     4
Armor: Gold dragon scale ||    10
Block: Kite shield       ||    23
